[Event "Icelandic Team-ch Premier 2021-22"]
[Site "Reykjavik"]
[Date "2022.03.05"]
[Round "9.4"]
[White "Sigurpalsson, Runar"]
[Black "Ragnarsson, Dagur"]
[Result "0-1"]
[ECO "B80"]
[WhiteElo "2279"]
[BlackElo "2351"]
[Annotator "ChessBase"]
[PlyCount "76"]
[EventDate "2022.03.05"]
[EventType "team-tourn"]
[EventCountry "ISL"]
[SourceTitle "playchess.com"]
[Source "ChessBase"]
[SourceQuality "1"]
[TimeControl "5400+30"]

1. e4 c5 2. Nf3 e6 3. d4 cxd4 4. Nxd4 Nc6 5. Nc3 Qc7 6. g3 a6 7. Bg2 Nf6 8. O-O d6 9. Re1 Bd7 10. Nxc6 bxc6 11. Bg5 h6 12. Bxf6 gxf6 13. Qf3 Bg7 14. Rad1 Rd8 15. e5 fxe5 16. Ne4 Bc8 17. Nf6+ Kf8 18. Nh5 Rh7 19. Nxg7 Rxg7 20. Qxc6 Qxc6 21. Bxc6 f6 22. c3 d5 23. Rd2 Ke7 24. Ba4 Bb7 25. Bb3 e4 26. Red1 f5 27. Kf1 a5 28. Ke2 Kf6 29. Ke3 Rc8 30. Rd4 Rc5 31. R4d2 Ke5 32. Rd4 Kf6 33. R4d2 Rgc7 34. Rd4 Ba6 35. f3 Bb5 36. fxe4 fxe4 37. R1d2 Ke5 38. Rf2 Rxc3+ 0-1

[Event "Icelandic Team-ch Premier 2021-22"]
[Site "Reykjavik"]
[Date "2022.03.05"]
[Round "9.6"]
[White "Karason, Askell O"]
[Black "Heimisson, Hilmir Freyr"]
[Result "0-1"]
[ECO "E21"]
[WhiteElo "2186"]
[BlackElo "2312"]
[Annotator "ChessBase"]
[PlyCount "92"]
[EventDate "2022.03.05"]
[EventType "team-tourn"]
[EventCountry "ISL"]
[SourceTitle "playchess.com"]
[Source "ChessBase"]
[SourceQuality "1"]
[TimeControl "5400+30"]

1. d4 Nf6 2. c4 e6 3. Nc3 Bb4 4. Nf3 O-O 5. Bg5 c5 6. Rc1 cxd4 7. Nxd4 h6 8. Bh4 d5 9. cxd5 g5 10. Bg3 Qxd5 11. e3 Qxa2 12. Nc2 Bxc3+ 13. bxc3 Nc6 14. Bd3 Rd8 15. O-O Qd5 16. Nd4 e5 17. c4 Qd6 18. c5 Qe7 19. Nxc6 bxc6 20. Qc2 Nd5 21. Bc4 Kg7 22. Qe4 f6 23. h4 a5 24. h5 Qe8 25. Bd3 f5 26. Qxe5+ Qxe5 27. Bxe5+ Kf7 28. e4 Ne3 29. fxe3 Rxd3 30. Bd4 f4 31. g3 Bh3 32. Rf2 Ke7 33. gxf4 gxf4 34. Rxf4 Rd2 35. Bf6+ Ke6 36. Bc3 Rg8+ 37. Kh1 Bg2+ 38. Kh2 Re2 39. Be1 Bxe4+ 40. Kh3 Rxe3+ 41. Kh4 Bg2 42. Rc3 Rxe1 43. Re3+ Rxe3 44. Rf6+ Ke5 45. Re6+ Kd4 46. Rxe3 Rg4+ 0-1

[Event "Icelandic Team-ch Premier 2021-22"]
[Site "Reykjavik"]
[Date "2022.03.05"]
[Round "9.7"]
[White "Johannesson, Oliver"]
[Black "Bergsson, Stefan"]
[Result "1/2-1/2"]
[ECO "D02"]
[WhiteElo "2220"]
[BlackElo "2095"]
[Annotator "ChessBase"]
[PlyCount "47"]
[EventDate "2022.03.05"]
[EventType "team-tourn"]
[EventCountry "ISL"]
[SourceTitle "playchess.com"]
[Source "ChessBase"]
[SourceQuality "1"]
[TimeControl "5400+30"]

1. d4 d5 2. Bf4 c5 3. e3 Nf6 4. c3 Nc6 5. Nd2 e6 6. Ngf3 Bd6 7. Bg3 O-O 8. Bd3 Be7 9. Ne5 Nxe5 10. dxe5 Nd7 11. Nf3 c4 12. Bc2 b5 13. h4 Nc5 14. b4 Ne4 15. Ng5 f5 16. exf6 Bxf6 17. Nxe4 dxe4 18. Qxd8 Rxd8 19. Bxe4 Bxc3+ 20. Ke2 Rd2+ 21. Kf3 Bxa1 22. Rxa1 Rd5 23. Bxd5 exd5 24. a4 1/2-1/2

[Event "Icelandic Team-ch Premier 2021-22"]
[Site "Reykjavik"]
[Date "2022.03.05"]
[Round "9.8"]
[White "Thorsteinsson, Arnar"]
[Black "Halldorsson, Jon Arni"]
[Result "1-0"]
[ECO "C02"]
[WhiteElo "2199"]
[BlackElo "2070"]
[Annotator "ChessBase"]
[PlyCount "99"]
[EventDate "2022.03.05"]
[EventType "team-tourn"]
[EventCountry "ISL"]
[SourceTitle "playchess.com"]
[Source "ChessBase"]
[SourceQuality "1"]
[TimeControl "5400+30"]

1. e4 e6 2. d4 d5 3. e5 c5 4. c3 Qb6 5. Nf3 Bd7 6. a3 c4 7. g3 Nc6 8. h4 h6 9. Nbd2 Na5 10. h5 Ne7 11. Bh3 O-O-O 12. O-O Kb8 13. Nh4 Nc8 14. Kh2 Qc7 15. f4 Be7 16. Ng2 Rhg8 17. f5 exf5 18. Bxf5 Bg5 19. Qg4 g6 20. Bxd7 Qxd7 21. Qxd7 Rxd7 22. hxg6 fxg6 23. Nf3 Bd8 24. Be3 g5 25. Rf2 Nc6 26. Raf1 Rh7 27. Ng1 Be7 28. Rf7 Rgg7 29. Rxg7 Rxg7 30. Ne2 h5 31. Bd2 Nd8 32. Ne3 Nb6 33. Kg2 Ne6 34. Ng1 Nf4+ 35. Kf2 Ne6 36. Ke2 g4 37. Nf5 Rf7 38. Nxe7 Rxe7 39. Rf5 Ng7 40. Rf8+ Kc7 41. Bg5 Rd7 42. Kd2 Ne6 43. Rf5 Rh7 44. Bh4 Nd7 45. Ne2 Kc6 46. Ke3 Ndf8 47. Nf4 Nxf4 48. gxf4 Ne6 49. Rf6 Kd7 50. f5 1-0

[Event "Icelandic Team-ch Premier 2021-22"]
[Site "Reykjavik"]
[Date "2022.03.05"]
[Round "9.9"]
[White "Stefansson, Vignir Vatnar"]
[Black "Oleksiyenko, Mykhaylo"]
[Result "1/2-1/2"]
[ECO "D12"]
[WhiteElo "2484"]
[BlackElo "2584"]
[Annotator "ChessBase"]
[PlyCount "100"]
[EventDate "2022.03.05"]
[EventType "team-tourn"]
[EventCountry "ISL"]
[SourceTitle "playchess.com"]
[Source "ChessBase"]
[SourceQuality "1"]
[TimeControl "5400+30"]

1. Nf3 d5 2. d4 Nf6 3. c4 c6 4. e3 Bf5 5. Qb3 Qb6 6. cxd5 Qxb3 7. axb3 Nxd5 8. Bd2 e6 9. Na3 Nb4 10. Bc3 b5 11. Be2 Nd5 12. Bd2 Bb4 13. O-O Ke7 14. Rfc1 Bxd2 15. Nxd2 Bg6 16. Bf3 Rd8 17. h4 h6 18. Nc2 a6 19. Bxd5 cxd5 20. Nb4 Kd7 21. Nf3 f6 22. Rc5 Rc8 23. Rxb5 Rc1+ 24. Rxc1 axb5 25. Ne1 Na6 26. Ned3 Bxd3 27. Nxd3 Kd6 28. f4 h5 29. Kf2 Nc7 30. Nb4 Kd7 31. Rc5 g6 32. Nd3 Ra1 33. f5 gxf5 34. Nf4 Ne8 35. Rxb5 Nd6 36. Rb8 Rb1 37. Nd3 Ne4+ 38. Ke2 Rg1 39. Rg8 Rh1 40. Nc5+ Nxc5 41. dxc5 Rxh4 42. Rb8 f4 43. exf4 Rxf4 44. b4 Kc7 45. Rb6 e5 46. b3 h4 47. b5 Rb4 48. Rc6+ Kb7 49. Rb6+ Kc7 50. Rc6+ Kb7 1/2-1/2

[Event "Icelandic Team-ch Premier 2021-22"]
[Site "Reykjavik"]
[Date "2022.03.05"]
[Round "9.10"]
[White "Kjartansson, Gudmundur"]
[Black "Jensson, Einar Hjalti"]
[Result "1/2-1/2"]
[ECO "D10"]
[WhiteElo "2450"]
[BlackElo "2326"]
[Annotator "ChessBase"]
[PlyCount "77"]
[EventDate "2022.03.05"]
[EventType "team-tourn"]
[EventCountry "ISL"]
[SourceTitle "playchess.com"]
[Source "ChessBase"]
[SourceQuality "1"]
[TimeControl "5400+30"]

1. d4 d5 2. c4 c6 3. Nc3 dxc4 4. e3 b5 5. a4 b4 6. Ne4 Qd5 7. Nd2 c3 8. bxc3 bxc3 9. Nb1 Qa5 10. Qc2 Nf6 11. Qxc3 Qxc3+ 12. Nxc3 e6 13. Nf3 Bb4 14. Bd2 a5 15. Bd3 Ba6 16. Ke2 Bxd3+ 17. Kxd3 Nbd7 18. Rhc1 Ke7 19. Ne4 Nxe4 20. Kxe4 c5 21. Bxb4 cxb4 22. Nd2 Rhc8 23. Rxc8 Rxc8 24. Nb3 f5+ 25. Kf3 Ra8 26. Ke2 e5 27. Kd3 Kd6 28. Kc4 exd4 29. Nxd4 g6 30. Kb5 Nf6 31. Rd1 Nd5 32. Nb3 g5 33. Nc5 Ke5 34. Nd7+ Ke6 35. Kc4 Nc3 36. Nc5+ Ke5 37. Nd7+ Ke6 38. Nc5+ Ke5 39. Nd7+ 1/2-1/2

[Event "Icelandic Team-ch Premier 2021-22"]
[Site "Reykjavik"]
[Date "2022.03.05"]
[Round "9.11"]
[White "Einarsson, Halldor Gretar"]
[Black "Gretarsson, Helgi Ass"]
[Result "0-1"]
[ECO "D11"]
[WhiteElo "2207"]
[BlackElo "2467"]
[Annotator "ChessBase"]
[PlyCount "72"]
[EventDate "2022.03.05"]
[EventType "team-tourn"]
[EventCountry "ISL"]
[SourceTitle "playchess.com"]
[Source "ChessBase"]
[SourceQuality "1"]
[TimeControl "5400+30"]

1. d4 d5 2. Nf3 Nf6 3. g3 c6 4. Bg2 Bf5 5. O-O e6 6. c4 Nbd7 7. Qb3 Qb6 8. c5 Qa6 9. Nc3 h6 10. Re1 b6 11. Bf1 Qc8 12. cxb6 axb6 13. Nd2 Be7 14. f3 O-O 15. e4 Bh7 16. exd5 cxd5 17. Bb5 Nb8 18. Qd1 Nc6 19. Nb3 Qb7 20. Bf4 Rfc8 21. Bd3 Bxd3 22. Qxd3 Bb4 23. Rec1 Ne8 24. a3 Bf8 25. Nb5 Ra4 26. Rc3 Rc4 27. Rac1 Qa6 28. Na1 Qxb5 29. b3 Rxc3 30. Qxb5 Rxc1+ 31. Bxc1 Nxd4 32. Qxb6 Rxc1+ 33. Kg2 e5 34. a4 Rxa1 35. a5 Ra2+ 36. Kh3 Nxf3 0-1

[Event "Icelandic Team-ch Premier 2021-22"]
[Site "Reykjavik"]
[Date "2022.03.05"]
[Round "9.12"]
[White "Thorhallsson, Throstur"]
[Black "Ornolfsson, Magnus P."]
[Result "1-0"]
[ECO "A46"]
[WhiteElo "2414"]
[BlackElo "2163"]
[Annotator "ChessBase"]
[PlyCount "91"]
[EventDate "2022.03.05"]
[EventType "team-tourn"]
[EventCountry "ISL"]
[SourceTitle "playchess.com"]
[Source "ChessBase"]
[SourceQuality "1"]
[TimeControl "5400+30"]

1. d4 Nf6 2. Nf3 e6 3. g3 b5 4. Bg2 Bb7 5. O-O Be7 6. Nbd2 O-O 7. c4 b4 8. Qc2 c5 9. e4 cxd4 10. e5 Ne8 11. Ng5 Bxg5 12. Bxb7 Nc6 13. Bxa8 Qxa8 14. f4 Be7 15. Nf3 Bc5 16. Qd3 f6 17. exf6 Nxf6 18. Bd2 a5 19. Rae1 Qe8 20. Kg2 h6 21. Re2 Ng4 22. h3 Ne3+ 23. Bxe3 dxe3 24. Rd1 d6 25. Qe4 a4 26. Rd3 Rf6 27. Rd1 Rf8 28. Rd3 Rf6 29. Nh2 e5 30. Ng4 Re6 31. f5 Re7 32. f6 Rc7 33. fxg7 Kxg7 34. Nxe3 Ne7 35. b3 axb3 36. axb3 Ra7 37. h4 Qg6 38. Qxg6+ Kxg6 39. Kf3 h5 40. Ke4 Ra1 41. Red2 Re1 42. Rxd6+ Bxd6 43. Rxd6+ Kf7 44. Rb6 Rg1 45. Rxb4 Rxg3 46. Rb7 1-0

[Event "Icelandic Team-ch Premier 2021-22"]
[Site "Reykjavik"]
[Date "2022.03.05"]
[Round "9.13"]
[White "Ingvason, Johann"]
[Black "Thorsteins, Karl"]
[Result "0-1"]
[ECO "B07"]
[WhiteElo "2183"]
[BlackElo "2403"]
[Annotator "ChessBase"]
[PlyCount "102"]
[EventDate "2022.03.05"]
[EventType "team-tourn"]
[EventCountry "ISL"]
[SourceTitle "playchess.com"]
[Source "ChessBase"]
[SourceQuality "1"]
[TimeControl "5400+30"]

1. e4 d6 2. d4 Nf6 3. Bd3 e5 4. Ne2 g6 5. d5 Bg7 6. Ng3 h5 7. c4 Na6 8. Nc3 c6 9. h3 Nc5 10. Bc2 a5 11. Be3 cxd5 12. cxd5 Bh6 13. Bxh6 Rxh6 14. Qd2 Rh8 15. f4 h4 16. fxe5 dxe5 17. Nge2 b5 18. Nxb5 Rb8 19. Nec3 Nfxe4 20. Bxe4 Nxe4 21. Nxe4 Rxb5 22. O-O Bf5 23. Nc3 Rb4 24. Rae1 f6 25. a3 Qb6+ 26. Rf2 Rd4 27. Qe3 Kf7 28. Ne2 Rb4 29. Nc3 Qxe3 30. Rxe3 Rd4 31. Ree2 Rd8 32. Rd2 Bd3 33. Rf3 Bc4 34. Rdf2 f5 35. Re3 Re8 36. Re4 Kg7 37. Re1 Bxd5 38. Nb5 Rd3 39. Rc1 Re7 40. Re2 e4 41. Rc5 Bb3 42. Nc3 a4 43. Kf2 Red7 44. Ra5 R3d4 45. Ke3 Bc4 46. Rf2 Rd3+ 47. Kf4 Kf6 48. Nxe4+ fxe4 49. Kxe4+ Kg7 50. Rxa4 Bb5 51. b3 Bc6+ 0-1

[Event "Icelandic Team-ch Premier 2021-22"]
[Site "Reykjavik"]
[Date "2022.03.05"]
[Round "9.14"]
[White "Jacobsen, Mikkel Manosri"]
[Black "Halldorsson, Gudmundur"]
[Result "1-0"]
[ECO "D30"]
[WhiteElo "2240"]
[BlackElo "2142"]
[Annotator "ChessBase"]
[PlyCount "65"]
[EventDate "2022.03.05"]
[EventType "team-tourn"]
[EventCountry "ISL"]
[SourceTitle "playchess.com"]
[Source "ChessBase"]
[SourceQuality "1"]
[TimeControl "5400+30"]

1. d4 Nf6 2. Nf3 d5 3. c4 e6 4. e3 a6 5. b3 Nbd7 6. Bd3 b6 7. O-O Bb7 8. Bb2 Bd6 9. Qe2 O-O 10. Rd1 Qe7 11. Ne5 Rfd8 12. Nd2 Ne4 13. Nf1 Nxe5 14. dxe5 Ba3 15. cxd5 Bxd5 16. Bxa3 Qxa3 17. Qc2 Nc5 18. Bxh7+ Kf8 19. Ng3 a5 20. Be4 Nxe4 21. Nxe4 Qe7 22. Nc3 Bb7 23. Nb5 c5 24. Nd6 Bc6 25. f4 Kg8 26. Rd2 f6 27. exf6 Qxf6 28. Rad1 Bd5 29. Nc4 Bxc4 30. Qxc4 Kf8 31. Rxd8+ Rxd8 32. Rxd8+ Qxd8 33. Qxe6 1-0

[Event "Icelandic Team-ch Premier 2021-22"]
[Site "Reykjavik"]
[Date "2022.03.05"]
[Round "9.15"]
[White "Briem, Stephan"]
[Black "Johannesson, Ingvar Thor"]
[Result "1/2-1/2"]
[ECO "A15"]
[WhiteElo "2039"]
[BlackElo "2315"]
[Annotator "ChessBase"]
[PlyCount "33"]
[EventDate "2022.03.05"]
[EventType "team-tourn"]
[EventCountry "ISL"]
[SourceTitle "playchess.com"]
[Source "ChessBase"]
[SourceQuality "1"]
[TimeControl "5400+30"]

1. d4 Nf6 2. Nf3 g6 3. c4 Bg7 4. e3 O-O 5. Be2 b6 6. O-O Bb7 7. b4 d6 8. Bb2 Nbd7 9. Nbd2 Re8 10. a4 e5 11. Nb3 exd4 12. exd4 Ne4 13. Qc2 c5 14. bxc5 dxc5 15. d5 Bxb2 16. Qxb2 Qf6 17. Qxf6 1/2-1/2

[Event "Icelandic Team-ch Premier 2021-22"]
[Site "Reykjavik"]
[Date "2022.03.05"]
[Round "9.16"]
[White "Omarsson, Dadi"]
[Black "Johannsson, Birkir Isak"]
[Result "0-1"]
[ECO "B80"]
[WhiteElo "2212"]
[BlackElo "2103"]
[Annotator "ChessBase"]
[PlyCount "68"]
[EventDate "2022.03.05"]
[EventType "team-tourn"]
[EventCountry "ISL"]
[SourceTitle "playchess.com"]
[Source "ChessBase"]
[SourceQuality "1"]
[TimeControl "5400+30"]

1. e4 c5 2. Nf3 d6 3. d4 cxd4 4. Nxd4 Nf6 5. Nc3 a6 6. Be3 e6 7. f3 h5 8. Bc4 Qc7 9. Bb3 Nbd7 10. Bg5 Nc5 11. Qe2 Be7 12. f4 b5 13. a3 Bb7 14. f5 Nxb3 15. cxb3 Qc5 16. Be3 Ng4 17. Bg1 Qe5 18. fxe6 fxe6 19. Nf3 Qf4 20. Nxb5 Rc8 21. Nc3 O-O 22. Bd4 Nf6 23. Nd2 Rf7 24. Be3 Qg4 25. Qxg4 Nxg4 26. Bd4 Bg5 27. Nc4 Rd8 28. Ke2 d5 29. exd5 exd5 30. Nd2 Re8+ 31. Kd1 Nf2+ 32. Bxf2 Rxf2 33. Nf3 d4 34. Nxg5 dxc3 0-1

[Event "Icelandic Team-ch Premier 2021-22"]
[Site "Reykjavik"]
[Date "2022.03.05"]
[Round "9.17"]
[White "Gretarsson, Hjorvar Steinn"]
[Black "Hjartarson, Johann"]
[Result "0-1"]
[ECO "A20"]
[WhiteElo "2548"]
[BlackElo "2470"]
[Annotator "ChessBase"]
[PlyCount "108"]
[EventDate "2022.03.05"]
[EventType "team-tourn"]
[EventCountry "ISL"]
[SourceTitle "playchess.com"]
[Source "ChessBase"]
[SourceQuality "1"]
[TimeControl "5400+30"]

1. c4 e5 2. g3 Nf6 3. Bg2 d5 4. cxd5 Nxd5 5. Nf3 Nc6 6. O-O Nb6 7. b3 Be7 8. Bb2 f6 9. Nc3 O-O 10. Rc1 a5 11. d3 Be6 12. Nd2 Qd7 13. Nc4 Rfd8 14. Nxb6 cxb6 15. Na4 Ra6 16. Qc2 Nb4 17. Qb1 Bh3 18. Bxh3 Qxh3 19. Rfd1 b5 20. Nc5 Bxc5 21. Rxc5 f5 22. Bxe5 Rh6 23. g4 Qxg4+ 24. Kf1 f4 25. d4 Rxh2 26. Qe4 Qh4 27. Ke1 Qxf2+ 28. Kd2 f3 29. Re1 Nc6 30. Rd5 Qxe2+ 31. Rxe2 Rxe2+ 32. Qxe2 fxe2 33. Rxd8+ Nxd8 34. d5 Nf7 35. Bc3 a4 36. Kxe2 Kf8 37. Ke3 h5 38. Kf4 g6 39. Bb4+ Ke8 40. Bc5 Kd7 41. Bb4 b6 42. Ba3 g5+ 43. Kf5 g4 44. Kf4 Nd6 45. Bc1 Ne8 46. Ke5 h4 47. Bg5 h3 48. Bf4 Nd6 49. Bh2 axb3 50. axb3 b4 51. Kf4 Nb7 52. Kxg4 Nc5 53. Kxh3 Nxb3 54. Bg1 Nc5 0-1

[Event "Icelandic Team-ch Premier 2021-22"]
[Site "Reykjavik"]
[Date "2022.03.05"]
[Round "9.18"]
[White "Pakleza, Zbigniew"]
[Black "Stefansson, Hannes"]
[Result "1/2-1/2"]
[ECO "A11"]
[WhiteElo "2500"]
[BlackElo "2520"]
[Annotator "ChessBase"]
[PlyCount "25"]
[EventDate "2022.03.05"]
[EventType "team-tourn"]
[EventCountry "ISL"]
[SourceTitle "playchess.com"]
[Source "ChessBase"]
[SourceQuality "1"]
[TimeControl "5400+30"]

1. Nf3 Nf6 2. g3 d5 3. Bg2 g6 4. c4 c6 5. b3 Bg7 6. Bb2 O-O 7. O-O b6 8. d4 Bb7 9. Nc3 Nbd7 10. Rc1 Rc8 11. e3 e6 12. Qe2 Ne4 13. Rfd1 1/2-1/2

[Event "Icelandic Team-ch Premier 2021-22"]
[Site "Reykjavik"]
[Date "2022.03.05"]
[Round "9.19"]
[White "Nagy, Gabor"]
[Black "Thorfinnsson, Bjorn"]
[Result "1/2-1/2"]
[ECO "A84"]
[WhiteElo "2530"]
[BlackElo "2387"]
[Annotator "ChessBase"]
[PlyCount "59"]
[EventDate "2022.03.05"]
[EventType "team-tourn"]
[EventCountry "ISL"]
[SourceTitle "playchess.com"]
[Source "ChessBase"]
[SourceQuality "1"]
[TimeControl "5400+30"]

1. c4 c6 2. Nf3 d5 3. d4 e6 4. e3 f5 5. Bd3 Nf6 6. b3 Bb4+ 7. Nbd2 O-O 8. O-O Ne4 9. Bb2 Bd7 10. a3 Bd6 11. Ne5 Be8 12. Ndf3 Bh5 13. Be2 Nd7 14. Nxd7 Bxf3 15. Ne5 Bxe2 16. Qxe2 Qe7 17. f3 Nf6 18. a4 Nd7 19. Nxd7 Qxd7 20. e4 fxe4 21. fxe4 Rxf1+ 22. Rxf1 Rf8 23. Rxf8+ Bxf8 24. g3 dxe4 25. Qxe4 Be7 26. Bc1 e5 27. Be3 exd4 28. Bxd4 a6 29. Kg2 Bf8 30. h3 1/2-1/2

[Event "Icelandic Team-ch Premier 2021-22"]
[Site "Reykjavik"]
[Date "2022.03.05"]
[Round "9.20"]
[White "Gunnarsson, Jon Viktor"]
[Black "Pantzar, Milton"]
[Result "1/2-1/2"]
[ECO "D00"]
[WhiteElo "2439"]
[BlackElo "2422"]
[Annotator "ChessBase"]
[PlyCount "113"]
[EventDate "2022.03.05"]
[EventType "team-tourn"]
[EventCountry "ISL"]
[SourceTitle "playchess.com"]
[Source "ChessBase"]
[SourceQuality "1"]
[TimeControl "5400+30"]

1. d4 d5 2. Nc3 Nf6 3. Bf4 e6 4. e3 Bb4 5. Nge2 O-O 6. a3 Bd6 7. h3 c5 8. dxc5 Bxc5 9. Nd4 Nc6 10. Be2 Re8 11. Nb3 Bf8 12. O-O h6 13. Bf3 e5 14. Bg3 Be6 15. Qd2 Qd7 16. Rad1 Rad8 17. Na4 b6 18. Nc3 a6 19. Rfe1 Qa7 20. Na2 Ne4 21. Bxe4 dxe4 22. Qe2 f5 23. Rxd8 Rxd8 24. Rd1 Rxd1+ 25. Qxd1 g5 26. Nc3 Qf7 27. Bh2 h5 28. f3 exf3 29. Qxf3 Bd7 30. Qd5 h4 31. e4 f4 32. Kf1 f3 33. Nd2 fxg2+ 34. Kxg2 Bc5 35. Qxf7+ Kxf7 36. Nf3 Be7 37. Nd5 Bd8 38. Nb4 Bf6 39. Nxa6 g4 40. hxg4 Bxg4 41. Nb4 Nxb4 42. axb4 Ke6 43. c4 Bh5 44. Kf2 h3 45. c5 b5 46. c6 Bxf3 47. Kxf3 Kd6 48. Kg4 Kxc6 49. Kxh3 Kd7 50. Kg4 Ke6 51. Bg1 Be7 52. Bc5 Bd8 53. Kh5 Kf7 54. b3 Kf6 55. Bf2 Kf7 56. Bc5 Kf6 57. Kg4 1/2-1/2

[Event "Icelandic Team-ch Premier 2021-22"]
[Site "Reykjavik"]
[Date "2022.03.05"]
[Round "9.21"]
[White "Brynell, Stellan"]
[Black "Sammalvuo, Tapani"]
[Result "1/2-1/2"]
[ECO "A46"]
[WhiteElo "2405"]
[BlackElo "2420"]
[Annotator "NA"]
[PlyCount "41"]
[EventDate "2022.03.05"]
[EventType "team-tourn"]
[EventCountry "ISL"]
[SourceTitle "playchess.com"]
[Source "ChessBase"]
[SourceQuality "1"]
[TimeControl "5400+30"]

1. d4 Nf6 2. Nf3 e6 3. g3 d5 4. Bg2 b5 5. a4 b4 6. c4 bxc3 7. Nxc3 Be7 8. O-O O-O 9. Bf4 Na6 10. Ne5 Nb4 11. Na2 Nxa2 12. Nc6 Qd7 13. Nxe7+ Qxe7 14. Rxa2 Ba6 15. Qc2 Qb4 16. Qc3 Qxc3 17. bxc3 Rfc8 18. Rb1 c5 19. Bf3 cxd4 20. cxd4 Ne4 21. Bxe4 1/2-1/2

[Event "Icelandic Team-ch Premier 2021-22"]
[Site "Reykjavik"]
[Date "2022.03.05"]
[Round "9.22"]
[White "Kjartansson, David"]
[Black "Petersson, Baldur Teodor"]
[Result "1-0"]
[ECO "D00"]
[WhiteElo "2304"]
[BlackElo "2242"]
[Annotator "ChessBase"]
[PlyCount "119"]
[EventDate "2022.03.05"]
[EventType "team-tourn"]
[EventCountry "ISL"]
[SourceTitle "playchess.com"]
[Source "ChessBase"]
[SourceQuality "1"]
[TimeControl "5400+30"]

1. d4 d5 2. Nc3 Nf6 3. Bf4 Nbd7 4. e3 a6 5. g4 h6 6. Bg2 e6 7. h4 g6 8. f3 c5 9. Nge2 b5 10. a3 Bb7 11. Qd2 Nb6 12. b3 Bd6 13. a4 b4 14. Nd1 a5 15. dxc5 Bxc5 16. Be5 Nbd7 17. Bb2 Qb6 18. Nf4 Bd6 19. Nf2 Be5 20. Bd4 Bxd4 21. exd4 Ba6 22. O-O-O h5 23. Rhe1 O-O-O 24. g5 Ne8 25. Bh3 Ng7 26. Kb2 Kb7 27. Rc1 Nb8 28. c3 Nc6 29. Red1 Ka7 30. cxb4 Nxb4 31. Rc5 Rb8 32. Qc3 Rb7 33. Bf1 Nf5 34. Bb5 Nd6 35. Bxa6 Qxa6 36. Ka1 Rhb8 37. Rb1 Nf5 38. N2d3 Nxh4 39. Ne5 Nf5 40. Nfd3 Qb6 41. Nxb4 axb4 42. Qd2 Ka8 43. Rbc1 Ne7 44. Ka2 Ra7 45. Nxf7 Qb7 46. Nd6 Qd7 47. Nf7 Rb6 48. Ne5 Qe8 49. Kb2 Qf8 50. Nxg6 Qxf3 51. Nxe7 Rxe7 52. Qc2 Qf4 53. Ra5+ Ra7 54. Qc8+ Qb8 55. Rxa7+ Kxa7 56. Rc7+ Ka8 57. g6 Qxc8 58. Rxc8+ Kb7 59. Rf8 e5 60. g7 1-0

[Event "Icelandic Team-ch Premier 2021-22"]
[Site "Reykjavik"]
[Date "2022.03.05"]
[Round "9.24"]
[White "Sigurjonsson, Stefan Th."]
[Black "Crevatin, Leo"]
[Result "1-0"]
[ECO "B13"]
[WhiteElo "2101"]
[BlackElo "2267"]
[Annotator "ChessBase"]
[PlyCount "98"]
[EventDate "2022.03.05"]
[EventType "team-tourn"]
[EventCountry "ISL"]
[SourceTitle "playchess.com"]
[Source "ChessBase"]
[SourceQuality "1"]
[TimeControl "5400+30"]

1. e4 c6 2. d4 d5 3. exd5 cxd5 4. Bd3 Nc6 5. c3 Qc7 6. h3 g6 7. Nf3 Bg7 8. O-O Nf6 9. Re1 O-O 10. Qc2 Nh5 11. Nbd2 Nf4 12. Nf1 Nxd3 13. Qxd3 Bf5 14. Qe2 Rad8 15. Ng3 Bd7 16. Ne5 Rfe8 17. Bf4 Qb6 18. b3 Bc8 19. Qf3 f6 20. Ng4 Bxg4 21. Qxg4 e5 22. dxe5 fxe5 23. Bg5 Rd6 24. Rad1 Rf8 25. Re2 e4 26. Qh4 Ne5 27. c4 dxc4 28. Rxd6 Qxd6 29. Qxe4 cxb3 30. axb3 Qd1+ 31. Re1 Qxb3 32. Rb1 Qf7 33. Be3 Nc6 34. Qa4 Rd8 35. Ne4 Bd4 36. Ng5 Qd5 37. Rb5 Qd7 38. Qb3+ Kf8 39. Rxb7 Na5 40. Rxd7 Nxb3 41. Rxd8+ Ke7 42. Rxd4 Nxd4 43. Bxd4 a5 44. Nxh7 a4 45. f4 a3 46. g4 a2 47. f5 gxf5 48. gxf5 a1=B 49. Bxa1 Ke8 1-0

[Event "Icelandic Team-ch Premier 2021-22"]
[Site "Reykjavik"]
[Date "2022.03.06"]
[Round "10.1"]
[White "Hillarp Persson, Tiger"]
[Black "Gretarsson, Hjorvar Steinn"]
[Result "1/2-1/2"]
[ECO "E32"]
[WhiteElo "2508"]
[BlackElo "2548"]
[Annotator "ChessBase"]
[PlyCount "93"]
[EventDate "2022.03.05"]
[EventType "team-tourn"]
[EventCountry "ISL"]
[SourceTitle "playchess.com"]
[Source "ChessBase"]
[SourceQuality "1"]
[TimeControl "5400+30"]

1. d4 Nf6 2. c4 e6 3. Nc3 Bb4 4. Qc2 d6 5. Nf3 O-O 6. Bd2 c5 7. a3 Bxc3 8. Bxc3 cxd4 9. Nxd4 a6 10. e3 b6 11. Be2 Bb7 12. O-O Qc7 13. Rac1 Nbd7 14. Rfd1 Rac8 15. Be1 Qb8 16. Qb1 Be4 17. Qa2 e5 18. Nf3 Bc6 19. Nd2 Qb7 20. Bf1 Rfd8 21. b3 b5 22. cxb5 axb5 23. a4 Nc5 24. a5 Bd5 25. Qb2 Rc6 26. f3 Rdc8 27. e4 Be6 28. Bf2 h6 29. Bxc5 dxc5 30. b4 Nd7 31. Kh1 Kh7 32. bxc5 Nxc5 33. Qxb5 Qa7 34. Ra1 Rd6 35. Nc4 Bxc4 36. Qxc4 Nd3 37. Qxd3 Rxd3 38. Rxd3 Rc2 39. a6 Rb2 40. h3 h5 41. Rd7 Qf2 42. Rxf7 h4 43. Rd7 Ra2 44. Rxa2 Qxf1+ 45. Kh2 Qe1 46. a7 Qg3+ 47. Kg1 1/2-1/2

[Event "Icelandic Team-ch Premier 2021-22"]
[Site "Reykjavik"]
[Date "2022.03.06"]
[Round "10.2"]
[White "Stefansson, Hannes"]
[Black "Bromann, Thorbjorn"]
[Result "1-0"]
[ECO "A40"]
[WhiteElo "2520"]
[BlackElo "2376"]
[Annotator "ChessBase"]
[PlyCount "55"]
[EventDate "2022.03.05"]
[EventType "team-tourn"]
[EventCountry "ISL"]
[SourceTitle "playchess.com"]
[Source "ChessBase"]
[SourceQuality "1"]
[TimeControl "5400+30"]

1. d4 e6 2. c4 Bb4+ 3. Bd2 c5 4. Bxb4 cxb4 5. Nd2 Nf6 6. e4 d6 7. Qa4+ Nc6 8. d5 Qa5 9. Qxa5 Nxa5 10. a3 b3 11. Ne2 O-O 12. f3 b5 13. cxb5 exd5 14. exd5 Bb7 15. Kf2 Rac8 16. Nd4 Bxd5 17. Bd3 Bc4 18. Bxc4 Nxc4 19. Nxc4 Rxc4 20. Rad1 Rfc8 21. Rhe1 d5 22. Nxb3 Rb8 23. Nd4 a6 24. b3 Rc5 25. bxa6 Ra8 26. b4 Rc3 27. b5 Rxa3 28. Nc6 1-0

[Event "Icelandic Team-ch Premier 2021-22"]
[Site "Reykjavik"]
[Date "2022.03.06"]
[Round "10.3"]
[White "Karlsson, Bjorn-Ivar"]
[Black "Nagy, Gabor"]
[Result "1/2-1/2"]
[ECO "B22"]
[WhiteElo "2295"]
[BlackElo "2530"]
[Annotator "ChessBase"]
[PlyCount "40"]
[EventDate "2022.03.05"]
[EventType "team-tourn"]
[EventCountry "ISL"]
[SourceTitle "playchess.com"]
[Source "ChessBase"]
[SourceQuality "1"]
[TimeControl "5400+30"]

1. e4 c5 2. Nf3 e6 3. c3 d5 4. exd5 Qxd5 5. d4 Nf6 6. Bd3 Be7 7. O-O O-O 8. c4 Qd8 9. dxc5 Nbd7 10. c6 Nc5 11. Bc2 Qc7 12. Qe2 Qxc6 13. Nc3 a6 14. Ne5 Qe8 15. Bf4 b5 16. b4 Ncd7 17. c5 Nxe5 18. Bxe5 Bb7 19. Rfd1 Qc6 20. f3 Rad8 1/2-1/2